 Dungeon Crawl Stone Soup version 0.28.0 (webtiles) character file.

Game seed: 2699009604145486832

109450 Host24 the Sniper (level 17, -2/111 HPs)
             Began as a Kobold Hunter on Feb 6, 2022.
             Was a High Priest of Okawaru.
             Slain by an Executioner (8 damage)
             ... on level 4 of the Abyss.
             The game lasted 03:25:48 (46850 turns).

Host24 the Sniper (Kobold Hunter)                  Turns: 46850, Time: 03:25:49

Health: -2/111     AC:  9    Str: 11    XL:     17   Next: 7%
Magic:  22/22      EV: 29    Int:  9    God:    Okawaru [*****.]
Gold:   2433       SH:  0    Dex: 27    Spells: 20/20 levels left

rFire   . . .      SeeInvis +   p - +4 arbalest (vorpal)
rCold   . . .      Faith    .   (shield currently unavailable)
rNeg    . . .      Spirit   .   w - +3 leather armour {rPois}
rPois   +          Reflect  .   B - +0 mask of the Dragon {Will+ Slay+3 SInv}
rElec   .          Harm     .   Y - scarf {shadows}
rCorr   +          Rampage  .   E - +0 pair of gloves
Will    ++...                   D - +0 pair of boots
Stlth   ++++......              W - amulet of regeneration
HPRegen 1.08/turn               F - ring of resist corrosion
MPRegen 0.18/turn               f - +6 ring of dexterity

@: about to teleport, invisible
A: small, no large weapons, nightstalker 3, [dopey 2]
a: Renounce Religion, Heroism, Finesse, Duel


You were on level 4 of the Abyss.
You worshipped Okawaru.
Okawaru was extremely pleased with you.
You visited 8 branches of the dungeon, and saw 28 of its levels.
You visited the Abyss 1 time.

You collected 2433 gold pieces.

Inventory:

Hand Weapons
 p - a +4 vorpal arbalest (weapon)
 K - a +2 whip of venom
 O - a +3 demon trident of freezing
 R - a +0 triple crossbow of freezing
 S - a +3 flail of holy wrath
Missiles
 d - 77 bolts (quivered ammo)
 e - 3 boomerangs
 k - 665 stones
 m - 55 arrows
Armour
 w - a +3 leather armour of poison resistance (worn)
 y - the +4 plate armour of the Blind Marksman {rC+ Will- rCorr Slay+2}
   (Okawaru gifted it to you on level 1 of the Elven Halls)

   Slay:      It affects your accuracy & damage with ranged weapons and melee
   (+2).
   rC:        It protects you from cold.
   rCorr:     It protects you from acid and corrosion.
   Will:      It decreases your willpower.
 B - the +0 mask of the Dragon (worn) {Will+ Slay+3 SInv}
   (Okawaru gifted it to you on level 4 of the Lair of Beasts)

   Slay:      It affects your accuracy & damage with ranged weapons and melee
   (+3).
   SInv:      It lets you see invisible.
   Will:      It increases your willpower.
 D - a +0 pair of boots (worn)
 E - a +0 pair of gloves (worn)
 Y - a scarf of shadows (worn)
 Z - a +0 cloak of stealth
Jewellery
 f - a +6 ring of dexterity (right hand)
 F - a ring of resist corrosion (left hand)
 W - an amulet of regeneration (around neck)
Wands
 l - a wand of flame (34)
 n - a wand of digging (7)
 o - a wand of polymorph (8)
 u - a wand of acid (15)
 v - a wand of iceblast (20)
 C - a wand of mindburst (8)
 I - a wand of paralysis (22)
Scrolls
 a - a scroll of fear
 b - a scroll of teleportation
 j - 2 scrolls of fog
 r - a scroll of enchant weapon {unknown}
 s - 2 scrolls of magic mapping
 H - 3 scrolls of immolation
 L - 4 scrolls of silence
Potions
 c - 4 potions of haste
 g - 3 potions of ambrosia
 h - 2 potions of might
 x - a potion of magic
 G - a potion of cancellation
 N - 2 potions of flight
 Q - a potion of berserk rage
Miscellaneous
 i - a phial of floods
 t - a piece from Xom's chessboard (15/15)
 V - a lightning rod (4/4)


   Skills:
 - Level 14.0 Fighting
 + Level 24.5 Crossbows
 - Level 7.0 Armour
 - Level 14.0 Dodging
 - Level 4.1 Stealth
 - Level 2.3 Spellcasting
 - Level 7.1 Invocations
 - Level 1.2 Evocations


You had 20 spell levels left.
You didn't know any spells.
Your spell library contained the following spells:

 Spells                   Type           Power      Damage    Failure   Level
 Beastly Appendage        Tmut           2%         N/A       38%         1
 Shock                    Conj/Air       4%         1d3       38%         1
 Ensorcelled Hibernation  Hex/Ice        2%         N/A       52%         2
 Passwall                 Tmut/Erth      0%         N/A       52%         2
 Scorch                   Fire           2%         2d5       52%         2
 Sublimation of Blood     Necr           1%         N/A       52%         2
 Wereblood                Tmut           1%         N/A       52%         2
 Spider Form              Tmut/Pois      1%         N/A       77%         3
 Swiftness                Air            1%         N/A       77%         3
 Airstrike                Air            0%         N/A       99%         4
 Anguish                  Hex/Necr       0%         N/A       99%         4
 Flame Wave               Conj/Fire      1%         2d4       99%         4
 Hailstorm                Conj/Ice       1%         3d3       99%         4
 Ice Form                 Ice/Tmut       1%         N/A       99%         4
 Passage of Golubria      Tloc           1%         N/A       99%         4
 Sticky Flame             Conj/Fire      1%         2d3       99%         4
 Alistair's Intoxication  Tmut/Pois      0%         N/A       100%        5
 Borgnjor's Vile Clutch   Necr/Erth      0%         N/A       100%        5
 Eringya's Noxious Bog    Tmut/Pois      0%         N/A       100%        6
 Enfeeble                 Hex            0%         N/A       100%        7
 Tukima's Dance           Hex            Unusable   N/A       N/A         3
 Simulacrum               Ice/Necr       Unusable   N/A       N/A         6
 Summon Hydra             Summ           Unusable   N/A       N/A         7

Dungeon Overview and Level Annotations

Branches:
Dungeon (15/15)            Temple (1/1) D:6            Lair (6/6) D:10
 Shoals (1/4) Lair:3        Snake (1/4) Lair:4        Slime (0/5) Lair:6
    Orc (2/2) D:10            Elf (1/3) Orc:2        Vaults (0/5) D:14
 Depths (1/4) D:15

Altars:
Ashenzari
Cheibriados
Dithmenos
Elyvilon
Fedhas
Gozag
Hepliaklqana
Kikubaaqudgha
Makhleb
Nemelex Xobeh
Okawaru
Qazlal
Ru
Sif Muna
Trog
Uskayaw
Vehumet
Wu Jian
Xom
Yredelemnul
Zin
The Shining One
Jiyva
Lugonu

Shops:
D:9 [*   D:12 [   D:13 [   Orc:1 *   Orc:2 [(**   Snake:1 ?*

Portals:
Abyss: Lair:6
Trove: D:14 (give 2 scrolls of acquirement)

Annotations:
D:14 Louise, Rupert
Snake:1 Asterion


Innate Abilities, Weirdness & Mutations

You are small and have problems with some larger weapons.
You are completely attuned to the shadows.
[You are very dopey. (Int -4)]


Message History

The drowned soul returns to the deep!
The blink frog hits you! The Executioner misses you.
The Executioner completely misses you. The Executioner closely misses you.
The wretched star pulses with an eldritch light!
You feel stupid. x2
As you read the scroll of teleportation, it crumbles to dust.
You feel strangely unstable.
You feel the power of the Abyss delaying your translocation!
The Executioner hits you but does no damage.
The Executioner completely misses you. The Executioner barely misses you.
The blink frog blinks!
The Executioner gestures.
The Executioner seems to speed up.
The blink frog blinks!
The Executioner hits you!!
The Executioner hits you but does no damage.
The Executioner misses you. The blink frog completely misses you.
The Executioner completely misses you. x2; The Executioner misses you.
The Executioner hits you but does no damage. x2
The Executioner barely misses you.
A small abomination comes into view.
The Executioner hits you!!
* * * LOW HITPOINT WARNING * * *
The Executioner completely misses you. The Executioner barely misses you.
The Executioner misses you. The Executioner hits you.
* * * LOW HITPOINT WARNING * * *
The Executioner completely misses you. The Executioner hits you!!
* * * LOW HITPOINT WARNING * * *
The Executioner misses you. The Executioner closely misses you.
A spatial vortex comes into view.
The Executioner completely misses you. The Executioner barely misses you.
The Executioner closely misses you. The small abomination hits you.
* * * LOW HITPOINT WARNING * * *
The spatial vortex moves out of view.
You hear a roar!
You fade into invisibility!
You hear a roar! x2
The Executioner completely misses you. The Executioner misses you.
The Executioner hits you!
You die...

.##.#.
#..#.....
...#.x...
#..#1@# ..
#..*##.# .
#..... .# .
.#.#.#..#. †#
......#.. ..
# .# ....##..
#.####∩..((##
.. .
#######F.# .
#.#..#≈#F.#.#


You could see an Executioner (fast), a small abomination and a lurking horror.

Vanquished Creatures
  Jorgrun (Orc:2)
  Kirke (Lair:5)
  Gastronok (Orc:1)
  A deep elf death mage (Elf:1)
  A fire dragon (D:15)
  Snorg (D:14)
  An ettin (D:15)
  A deep elf high priest (Elf:1)
  A merfolk impaler (Abyss:4)
  2 vault guards
  A naga warrior (Snake:1)
  2 boulder beetles (D:11)
  Erolcha (Orc:2)
  3 hydras
  An ogre mage (D:15)
  2 anacondas (Snake:1)
  4 centaur warriors (D:14)
  2 death knights
  3 two-headed ogres
  2 tengu warriors (D:15)
  2 shock serpents (Snake:1)
  3 thrashing horrors (Lair:6)
  Urug (Lair:5)
  2 naga sharpshooters (Snake:1)
  4 orc high priests (Orc:2)
  Sonja (D:11)
  A skeletal warrior (D:13)
  A sea snake (Lair:3)
  2 deep trolls (D:15)
  A naga ritualist (Snake:1)
  2 necromancers (D:15)
  5 orc knights
  A deep elf archer (Elf:1)
  6 harpies
  3 deep elf zephyrmancers (Elf:1)
  5 deep elf pyromancers
  A mana viper (Snake:1)
  4 orc sorcerers
  A wolf spider (D:15)
  6 manticores
  7 ugly things
  7 cyclopes
  3 naga magi (Snake:1)
  A merfolk siren (Lair:3)
  10 elephants
  11 black mambas
  A gargoyle (D:13)
  Maurice (D:9)
  3 smoke demons
  A torpor snail (Lair:4)
  A torpor snail (shapeshifter) (Lair:6)
  13 cane toads
  2 kobold demonologists (D:14)
  10 komodo dragons
  An unseen horror (D:13)
  4 rime drakes
  4 freezing wraiths
  2 tengu conjurers (D:13)
  3 ancient zymes
  8 trolls
  4 merfolk
  2 polar bears
  A queen bee (Lair:1)
  3 meliai (D:15)
  Grinder (D:6)
  A snapping turtle (Shoals:1)
  18 blink frogs
  12 slime creatures
  12 dream sheep
  Sigmund (D:6)
  A wraith (D:10)
  54 yaks
  Eustachio (D:4)
  9 wyverns
  3 ynoxinuls
  A spriggan (Lair:6)
  12 humans
  9 basilisks
  3 hogs
  3 chaos spawn (Lair:6)
  3 vampire mosquitoes (D:15)
  3 large abominations
  2 acid dragons
  8 nagas
  2 wargs (D:10)
  16 water moccasins
  20 orc warriors
  5 hell hounds (Abyss:4)
  A hornet zombie (D:5)
  A necrophage (D:5)
  An ice beast (D:8)
  2 black bears
  12 ogres
  A sky beast (D:6)
  7 small abominations
  6 wolves
  10 centaurs
  A phantom (D:6)
  3 kobold brigands
  11 bullfrogs
  2 gnoll sergeants
  2 scorpions
  Blork the orc (D:5)
  A wyvern zombie (D:10)
  27 killer bees
  9 wights
  7 electric eels
  9 howler monkeys
  4 centaur zombies
  2 bullfrog skeletons (D:6)
  2 bullfrog zombies
  2 centaur skeletons
  15 orc priests
  6 hounds
  3 gnoll shamans
  An iron imp (Abyss:3)
  23 orc wizards
  Ijyb (D:3)
  2 iguanas
  Natasha (thrice) (D:2)
  A hound zombie (D:5)
  A hound skeleton (D:4)
  2 howler monkey skeletons (D:7)
  21 gnolls
  5 adders
  A shadow imp (D:7)
  4 ufetubi
  An adder skeleton (D:4)
  2 worms (D:2)
  The ghost of da312102 the Sneak, a weakling DrDe (D:5)
  4 dart slugs
  62 orcs
  6 ball pythons
  5 endoplasms
  3 giant cockroaches
  6 goblins
  8 hobgoblins
  7 jackals
  22 kobolds
  5 quokkas
  8 bats
  4 frilled lizards
  8 rats
752 creatures vanquished.

Vanquished Creatures (others)
  A vault guard (D:13)
  A shadow wraith (Abyss:4)
  A deep elf pyromancer (D:14)
  An unseen horror (D:12)
  A human (D:14)
  4 demonic plants (D:14)
  68 fungi
  80 plants
  2 withered plants (Shoals:1)
159 creatures vanquished.

Grand Total: 911 creatures vanquished

Notes
Turn   | Place    | Note
-------+----------+-------------------------------------------
     0 | D:1      | Host24 the Kobold Hunter began the quest for the Orb.
     0 | D:1      | Reached XP level 1. HP: 12/12 MP: 1/1
    23 | D:1      | Reached skill level 5 in Crossbows
   262 | D:1      | Reached XP level 2. HP: 15/18 MP: 2/2
   638 | D:1      | Reached XP level 3. HP: 8/23 MP: 3/3
  1656 | D:2      | Noticed Natasha
  1660 | D:2      | Killed Natasha
  1661 | D:2      | Reached skill level 6 in Crossbows
  1661 | D:2      | Reached XP level 4. HP: 28/28 MP: 4/4
  1820 | D:2      | Noticed Natasha
  1828 | D:2      | Killed Natasha
  1864 | D:2      | Reached XP level 5. HP: 22/32 MP: 5/5
  2080 | D:2      | Noticed Natasha
  2090 | D:2      | Killed Natasha
  2293 | D:2      | Reached skill level 7 in Crossbows
  2947 | D:3      | Noticed Ijyb
  3749 | D:3      | Reached skill level 8 in Crossbows
  3749 | D:3      | Reached XP level 6. HP: 37/37 MP: 6/6
  4130 | D:3      | Noticed an ogre
  4653 | D:4      | Found a stormy altar of Qazlal.
  4898 | D:4      | Noticed Eustachio
  5100 | D:4      | Noticed a black bear
  5521 | D:3      | Killed Ijyb
  5904 | D:4      | Reached XP level 7. HP: 41/41 MP: 7/7
  5919 | D:4      | Reached skill level 9 in Crossbows
  6237 | D:5      | Entered Level 5 of the Dungeon
  6287 | D:5      | Reached skill level 10 in Crossbows
  6370 | D:5      | Noticed a water moccasin
  6536 | D:5      | Found a shimmering altar of Xom.
  6539 | D:5      | Noticed an angel
  6568 | D:5      | Found a glowing silver altar of Zin.
  6641 | D:5      | Reached XP level 8. HP: 44/48 MP: 8/8
  6818 | D:5      | Reached skill level 5 in Fighting
  7846 | D:5      | Reached skill level 5 in Dodging
  8118 | D:5      | Noticed Blork the orc
  8124 | D:5      | Killed Blork the orc
  8161 | D:5      | Found a runed translucent gate.
  8161 | D:5      | Found a runed translucent gate.
  8161 | D:5      | Found a runed translucent gate.
  8163 | D:5      | Noticed da312102's ghost (weakling DrDe)
  8231 | D:5      | Reached XP level 9. HP: 41/56 MP: 9/9
  8401 | D:5      | Found a blossoming altar of Fedhas.
  8410 | D:5      | Found a snail-covered altar of Cheibriados.
  9181 | D:6      | Noticed Sigmund
  9185 | D:6      | Killed Sigmund
  9186 | D:6      | Reached skill level 11 in Crossbows
  9197 | D:6      | Found a staircase to the Ecumenical Temple.
  9201 | D:6      | Noticed Grinder
  9502 | D:6      | Reached skill level 12 in Crossbows
  9624 | D:6      | Reached skill level 1 in Armour
 10419 | Temple   | Entered the Ecumenical Temple
 10631 | Temple   | Became a worshipper of Warmaster Okawaru
 10988 | D:7      | Found a sacrificial altar of Ru.
 10988 | D:7      | Found a sparkling altar of Nemelex Xobeh.
 11471 | D:7      | Reached XP level 10. HP: 63/63 MP: 10/10
 11797 | D:7      | Reached skill level 13 in Crossbows
 12555 | D:8      | Noticed a boulder beetle
 12664 | D:9      | Noticed Maurice
 13324 | D:4      | Killed Eustachio
 13428 | D:5      | Reached skill level 14 in Crossbows
 13436 | D:5      | Killed da312102's ghost
 13886 | D:6      | Killed Grinder
 13886 | D:6      | Reached * piety under Okawaru
 14307 | D:9      | Reached skill level 1 in Invocations
 14458 | D:9      | Found Nonkodd's Gadget Gallery.
 14472 | D:9      | Found a bloodstained altar of Trog.
 15557 | D:8      | Reached ** piety under Okawaru
 15558 | D:8      | Reached skill level 5 in Invocations
 15733 | D:9      | Found a basalt altar of Yredelemnul.
 15898 | D:9      | Found Seyr Rev's Armour Boutique.
 16076 | D:10     | Entered Level 10 of the Dungeon
 16384 | D:10     | Found a staircase to the Orcish Mines.
 16702 | D:10     | Reached XP level 11. HP: 20/67 MP: 15/15
 16962 | D:10     | Found a broken altar of Ashenzari.
 17242 | D:10     | Noticed a two-headed ogre
 17408 | D:10     | Reached skill level 15 in Crossbows
 17690 | D:10     | Found a staircase to the Lair.
 18324 | D:10     | Noticed a purple ugly thing
 18519 | D:10     | Reached *** piety under Okawaru
 18579 | Lair:1   | Entered Level 1 of the Lair of Beasts
 18608 | Lair:1   | Reached skill level 16 in Crossbows
 19373 | Lair:1   | Reached **** piety under Okawaru
 19459 | Lair:1   | Reached skill level 17 in Crossbows
 19934 | Lair:1   | Received a gift from Okawaru
 20893 | Lair:1   | Reached XP level 12. HP: 34/72 MP: 17/17
 21660 | Lair:1   | Reached skill level 18 in Crossbows
 23410 | Lair:2   | Reached ***** piety under Okawaru
 24457 | Lair:2   | Received a gift from Okawaru
 24824 | Lair:2   | Received a gift from Okawaru
 24938 | Lair:2   | Noticed a six-headed hydra
 24987 | Lair:2   | Reached skill level 10 in Fighting
 25223 | Lair:2   | Reached skill level 1 in Spellcasting
 25239 | Lair:2   | Reached XP level 13. HP: 23/82 MP: 18/18
 25764 | Lair:2   | Killed a six-headed hydra
 25765 | Lair:2   | Reached skill level 10 in Dodging
 26412 | Lair:3   | Received a gift from Okawaru
 26843 | Lair:3   | Found a staircase to the Shoals.
 26901 | Lair:3   | Reached skill level 5 in Armour
 27025 | Lair:3   | Found a bloodstained altar of Trog.
 27845 | Lair:4   | Received a gift from Okawaru
 27976 | Lair:4   | Found a staircase to the Snake Pit.
 28678 | Lair:4   | Noticed an eight-headed hydra
 28842 | Lair:4   | Received a gift from Okawaru
 29076 | Lair:4   | Received a gift from Okawaru
 29077 | Lair:4   | Found the +0 mask of the Dragon {Will+ Slay+3 SInv}
 29994 | Lair:5   | Noticed Kirke
 30328 | Lair:5   | Noticed Urug
 30388 | Lair:5   | Killed Urug
 30676 | Lair:5   | Killed Kirke
 30677 | Lair:5   | Reached XP level 14. HP: 85/92 MP: 16/19
 31133 | Lair:5   | You fall into a shaft and drop 1 floor!
 31133 | Lair:6   | Entered Level 6 of the Lair of Beasts
 32260 | Lair:6   | Received a gift from Okawaru
 32349 | Lair:6   | Reached skill level 19 in Crossbows
 32444 | Lair:6   | Found a viscous altar of Jiyva.
 32444 | Lair:6   | Found a staircase to the Slime Pits.
 33358 | Lair:6   | Reached skill level 20 in Crossbows
 33855 | Lair:6   | Found a corrupted altar of Lugonu.
 33861 | Lair:6   | Reached ****** piety under Okawaru
 33861 | Lair:6   | Received a gift from Okawaru
 33868 | Lair:6   | Found a one-way gate to the infinite horrors of the Abyss.
 33891 | Lair:6   | Got the Tome of the Flamy Voyage
 34332 | Orc:1    | Entered Level 1 of the Orcish Mines
 34347 | Orc:1    | Noticed Gastronok
 34872 | D:11     | Noticed Sonja
 34875 | D:11     | Killed Sonja
 35165 | D:11     | Reached XP level 15. HP: 65/96 MP: 20/20
 35327 | D:11     | Reached skill level 21 in Crossbows
 35478 | D:12     | Found Tonaibb's Armour Emporium.
 36540 | D:12     | Received a gift from Okawaru
 36630 | D:13     | Found Suvyolupli's Armour Shop.
 36977 | D:13     | Received a gift from Okawaru
 37470 | D:13     | Reached skill level 1 in Evocations
 38016 | D:14     | Noticed Snorg
 38069 | D:14     | Found a portal to a secret trove of treasure.
 38449 | D:14     | Noticed Louise
 38613 | D:14     | Noticed Rupert
 38614 | D:14     | Paralysed by Rupert for 7 turns
 38920 | D:14     | Found a corrupted altar of Lugonu.
 39420 | D:14     | Found a gate to the Vaults.
 39621 | D:14     | Received a gift from Okawaru
 39854 | D:14     | Killed Snorg
 39940 | D:15     | Entered Level 15 of the Dungeon
 39943 | D:15     | Identified the +0 ring mail of Theory {Rampage Regen+
                  | Dex-3}
 39994 | D:15     | Received a gift from Okawaru
 40406 | D:15     | HP: 4/100 [fire dragon (6)]
 41080 | D:15     | Received a gift from Okawaru
 41081 | D:15     | Reached XP level 16. HP: 106/106 MP: 21/21
 41113 | D:15     | Found a staircase to the Depths.
 41268 | D:15     | Found a burning altar of Makhleb.
 41285 | D:15     | Received a gift from Okawaru
 42112 | D:9      | Killed Maurice
 42235 | D:10     | Received a gift from Okawaru
 42623 | Orc:1    | Killed Gastronok
 42624 | Orc:1    | Reached skill level 22 in Crossbows
 42671 | Orc:1    | Found Jeiva's General Store.
 42783 | Orc:2    | Entered Level 2 of the Orcish Mines
 42813 | Orc:2    | Found a staircase to the Elven Halls.
 42965 | Orc:2    | Noticed Erolcha
 42970 | Orc:2    | Killed Erolcha
 43590 | Orc:2    | Noticed Jorgrun
 43949 | Orc:2    | Killed Jorgrun
 44166 | Orc:2    | Found Xiucloeg's Antique Weapon Shoppe.
 44183 | Orc:2    | Found Popn's Antique Armour Shoppe.
 44184 | Orc:2    | Found Etoel's Assorted Antiques.
 44192 | Orc:2    | Found Hiytio's General Store.
 44339 | Orc:1    | Reached skill level 23 in Crossbows
 44622 | Depths:1 | Entered Level 1 of the Depths
 44938 | Shoals:1 | Entered Level 1 of the Shoals
 45121 | Snake:1  | Entered Level 1 of the Snake Pit
 45720 | Snake:1  | Reached skill level 24 in Crossbows
 45806 | Snake:1  | Found Sor Mon's Magic Scroll Shop.
 45809 | Snake:1  | Found Zaritoov's General Store.
 45963 | Snake:1  | Identified the +0 kite shield "Riawo" {rPois Str+2}
 45963 | Snake:1  | Noticed Asterion
 46263 | Elf:1    | Entered Level 1 of the Elven Halls
 46288 | Elf:1    | Identified the +4 plate armour of the Blind Marksman {rC+
                  | Will- rCorr Slay+2} (Okawaru gifted it to you on level 1 of
                  | the Elven Halls)
 46288 | Elf:1    | Received a gift from Okawaru
 46289 | Elf:1    | Reached XP level 17. HP: 100/111 MP: 22/22
 46411 | Elf:1    | Cast into level 3 of the Abyss (a deep elf sorcerer)
 46561 | Abyss:4  | Found a corrupted altar of Lugonu.
 46823 | Abyss:4  | Noticed an Executioner
 46849 | Abyss:4  | HP: 4/111 [small abomination (6)]
 46850 | Abyss:4  | Slain by an Executioner

Illustrated notes

Levels and vault maps discovered:
D:1:      sevenhm_arrival_forest_fort_small_6, layout_rooms, chequers_garden
D:2:      layout_rooms, uniq_natasha
D:3:      layout_loops_ring, uniq_ijyb
D:4:      layout_basic, grunt_qazlal_sundering, uniq_eustachio
D:5:      layout_basic, grunt_temple_overflow_order_and_chaos_1,
          mainiacjoe_overflow_swirl, gammafunk_ghost_nasty_kobolds,
          grunt_ministairs_10, uniq_blork_the_orc
D:6:      layout_loops_ring, minmay_temple_entry_nine_rooms,
          minmay_misc_feat_enclosed, minmay_diced_spiral, uniq_grinder,
          uniq_sigmund
D:7:      layout_basic, nicolae_overflow_squiral
D:8:      layout_loops_cross, uniq_maggie
D:9:      layout_long_grid, mainiacjoe_overflow_large_starburst, serial_shops,
          nicolae_shop_behind_doors, minmay_misc_feat_hallway,
          kennysheep_pointless_box, nicolae_shop_gadgets, uniq_maurice
D:10:     minmay_bubble_buster, layout_irregular_city, kennysheep_little_box,
          erik_lair_island, david_orc_3
D:11:     layout_roguey, uniq_sonja
D:12:     layout_cross, serial_shops, nicolae_stop_n_shop_1,
          minmay_misc_feat_columns
D:13:     layout_long_grid, serial_shops, shop
D:14:     kennysheep_kobold_lugonu_temple, layout_irregular_city,
          ximxim_vaults_locker_room, amethyst_killhole,
          nicolae_trove_entry_isolated, uniq_louise, uniq_rupert, uniq_snorg
D:15:     hangedman_depths_entry_civil_slaughter, layout_loops_corners,
          bloody_makhleb
Temple:   hc_temple_tempest_star
Lair:1:   wander_river, layout_hall_layers, special_room [special_room_bee]
Lair:2:   layout_small_grid, serial_bayou_shore_b, grunt_megastairs_1,
          serial_bayou_shore_b, infiniplex_staircase_pool_2
Lair:3:   layout_roguey, elwin_shoals_entry_stream, basic_altar,
          beast_lair_carwin_2, grunt_megastairs_5
Lair:4:   layout_cave_pods, guppyfry_snake_entry_garden, st_stairs_7
Lair:5:   layout_loops_ring, lemuel_fruit_tree, infiniplex_staircase_pool,
          serial_bayou_shore_a, uniq_urug, uniq_kirke
Lair:6:   hellmonk_lair_end_abyssal_woods, layout_loops_ring,
          dpeg_slime_entry_enclosed_altar, st_stairs_10
Shoals:1: layout_shoals, gammafunk_ghost_cemetery, nicolae_shoals_sun_and_surf
Snake:1:  layout_gridlike, minmay_shop_star, uniq_asterion
Orc:1:    layout_caves, serial_shops, shop_fountains, uniq_gastronok
Orc:2:    st_orc_elflike, layout_diamond_mine, uniq_jorgrun, uniq_erolcha
Elf:1:    eino_elf_arrival_customs, layout_gridlike, evilmike_minifort,
          hangedman_decor_cross_pass
Depths:1: layout_long_grid, hellmonk_ghost_happy_afterlife,
          pf_hell_entry_tar_river, abyss_entry_glasseish, serial_glass,
          glass_columns_a, glass_columns_a, chequers_serial_rivers_micro_d,
          hangedman_decor_peaks_small, hangedman_aviary,
          kennysheep_random_hallway
Abyss:4:  base: Depths:3, serial_sigils_hangedman_quiver, abyss_furniture_001,
          hangedman_decor_points, hangedman_decor_points, minivault_24,
          dshaligram_kb_abyss_rune_zappy_water_cross, evilmike_abyss_exit_10,
          evilmike_abyss_rune_siren_acolytes

Skill      XL: |  1  2  3  4  5  6  7  8  9 10 11 12 13 14 15 16 |
---------------+-------------------------------------------------+-----
Crossbows      | 5 6 8 10 12 14 17 18 20 21 24 | 24.5
Fighting       | 3 4 6 7 10 12 14 | 14.0
Dodging        | 3 6 9 12 14 | 14.0
Armour         | 2 3 5 6 7 |  7.0
Invocations    | 6 7 |  7.1
Stealth        | 3 4 |  4.1
Spellcasting   | 2 |  2.3
Evocations     | 1 |  1.2

Action                   |  1- 3 |  4- 6 |  7- 9 | 10-12 | 13-15 | 16-18 || total
-------------------------+-------+-------+-------+-------+-------+-------++-------
Melee: Short sword       |   108 |   204 |   195 |       |       |       ||   507
       Punch             |     1 |     2 |     3 |    16 |    13 |     2 ||    37
       Dagger            |       |       |    44 |    75 |       |       ||   119
       Whip              |       |       |       |   504 |   289 |       ||   793
       Rapier            |       |       |       |    13 |       |       ||    13
       Demon trident     |       |       |       |       |   345 |   120 ||   465
       Flail             |       |       |       |       |     7 |     8 ||    15
 Fire: Hand crossbow     |     9 |    43 |   193 |   449 |       |       ||   694
       Arbalest          |       |       |       |    31 |   620 |   404 ||  1055
       Triple crossbow   |       |       |       |       |       |    45 ||    45
Throw: Stone             |       |       |       |    13 |     3 |       ||    16
Invok: Heroism           |       |       |       |    14 |     5 |     4 ||    23
       Finesse           |       |       |       |     1 |     8 |     6 ||    15
  Use: Potion            |       |     1 |       |     9 |     2 |     5 ||    17
       Scroll            |       |       |       |    15 |     9 |     6 ||    30
 Stab: Sleeping          |     5 |    10 |     5 |     8 |    16 |     5 ||    49
       Distracted        |       |     1 |     2 |       |     4 |     2 ||     9
Armor: Leather armour    |    30 |    58 |    86 |   239 |   117 |    38 ||   568
Dodge: Dodged            |    88 |   202 |   242 |  1141 |   984 |   575 ||  3232
